 Dungeon Crawl Stone Soup version 0.26.0-7-g794d0892b4 (webtiles) character file.

Game seed: 3398853110749230600

28 trckry the Skirmisher (level 3, -1/29 HPs)
             Began as a Demonspawn Fighter on Jan 10, 2021.
             Slain by an adder (4 damage)
             ... on level 2 of the Dungeon.
             The game lasted 00:01:58 (969 turns).

trckry the Skirmisher (Demonspawn Fighter)           Turns: 969, Time: 00:01:58

Health: -1/29      AC: 12    Str: 17    XL:     3   Next: 0%
Magic:  3/3        EV:  2    Int:  9    God:
Gold:   51         SH:  8    Dex: 12    Spells: 2/2 levels left

rFire    . . .     SeeInvis .   a - +0 flail
rCold    . . .     Faith    .   c - +0 kite shield
rNeg     . . .     Spirit   .   o - +0 plate armour
rPois    .         Reflect  .   j - +1 hat
rElec    .         Harm     .   (no cloak)
rCorr    .         Rampage  .   (no gloves)
Will     .....                  (no boots)
Stlth    ..........             (no amulet)
HPRegen  0.09/turn              (no ring)
MPRegen  0.08/turn              (no ring)

@: lethally poisoned (-1 -> -4)
A: miasma immunity
a: no special abilities


You were on level 2 of the Dungeon.
You visited 1 branch of the dungeon, and saw 2 of its levels.

You collected 51 gold pieces.

Inventory:

Hand Weapons
 a - a +0 flail (weapon)
Missiles
 l - 3 atropa-tipped darts (quivered)
Armour
 c - a +0 kite shield (worn)
 j - a +1 hat (worn)
 o - a +0 plate armour (worn)
Jewellery
 h - an uncursed ring of fire {unknown}
Scrolls
 e - a scroll of blinking {unknown}
 f - a scroll of amnesia {unknown}
 g - 3 scrolls of teleportation {unknown}
 i - 2 scrolls of identify {unknown}
 k - a scroll of remove curse {unknown}
 n - a scroll of enchant armour {unknown}
Potions
 d - 2 potions of might
 m - 2 potions of berserk rage {unknown}


   Skills:
 + Level 3.2 Fighting
 * Level 2.1 Maces & Flails
 + Level 0.3 Throwing
 + Level 2.8 Armour
 + Level 0.4 Dodging
 + Level 2.7 Shields
 * Level 1.2 Invocations
 + Level 0.6 Evocations


You had 2 spell levels left.
You didn't know any spells.
Your spell library was empty.

Dungeon Overview and Level Annotations

Branches:
Dungeon (2/15)

Altars:
Yredelemnul
The Shining One


Innate Abilities, Weirdness & Mutations

You are immune to miasma.


Message History

The adder is severely wounded.
You feel sick. The adder bites you but does no damage.
You hit the adder.
The adder is almost dead.
You feel sick. You block the adder's attack. The adder bites you.
* * * LOW HITPOINT WARNING * * *
Your shield and plate armour prevent you from hitting the adder.
The adder is almost dead.
The adder bites you but does no damage. You block the adder's attack.
You barely miss the adder.
The adder is almost dead.
* * * LOW HITPOINT WARNING * * *
You feel sick.
The adder bites you but does no damage. x2
You miss the adder.
The adder is almost dead.
The adder bites you but does no damage.
You miss the adder.
The adder is almost dead.
The adder bites you but does no damage. The adder bites you.
You die...

##.##.......#
≈#.##.#####.#####
≈#....##........###
≈#..#....##.......#
≈#..#.#####.###.#.#
##.##.......##..#.#
...########.##.##.#
#.## #.##.##S# #.
#.....@.# #.
####.#### #.# #.#
... #.# #.# ..


You could see an adder.

Vanquished Creatures
  A worm (D:2)
  A ball python (D:2)
  A goblin (D:1)
  7 hobgoblins
  2 bats (D:1)
  A frilled lizard (D:2)
  3 kobolds (D:1)
  10 rats
26 creatures vanquished.

Vanquished Creatures (others)
  3 plants (D:1)
3 creatures vanquished.

Grand Total: 29 creatures vanquished

Notes
Turn   | Place    | Note
-------+----------+-------------------------------------------
     0 | D:1      | trckry the Demonspawn Fighter began the quest for the Orb.
     0 | D:1      | Reached XP level 1. HP: 18/18 MP: 1/1
   142 | D:1      | Gained mutation: You are immune to miasma. [demonic
                  | ancestry]
   142 | D:1      | Reached XP level 2. HP: 18/24 MP: 2/2
   336 | D:1      | Found a glowing golden altar of the Shining One.
   472 | D:1      | Reached skill level 1 in Invocations
   873 | D:2      | Reached XP level 3. HP: 29/29 MP: 3/3
   911 | D:2      | Found a basalt altar of Yredelemnul.
   969 | D:2      | Slain by an adder

Illustrated notes

Levels and vault maps discovered:
D:1:      dpeg_arrival_orchard, layout_basic, serial_bayou_pond_d,
          hangedman_glass_garden, tso_altar
D:2:      layout_loops_cross, general_overflow_altar, uniq_crazy_yiuf_cottage,
          uniq_terence

Skill      XL: |  1  2 |
---------------+-------+-----
Maces & Flails | 2 |  2.1
Invocations    | 1 |  1.2
Fighting       | |  3.2
Throwing       | |  0.3
Armour         | |  2.8
Dodging        | |  0.4
Shields        | |  2.7
Evocations     | |  0.6

Action                   || total
-------------------------++-------
Melee: Flail             ||   109
Armor: Scale mail        ||    30
       Plate armour      ||    27
Dodge: Dodged            ||    15
Block: Kite shield       ||    43
